 Dungeon Crawl Stone Soup version 0.28.0-47-ge53b351184 (webtiles) character file.

Game seed: 4798442730864368382

2360 NinjaNoafa the Covered (level 9, -16/74 HPs)
             Began as a Minotaur Monk on Apr 30, 2022.
             Was a Priest of Wu Jian.
             Demolished by a two-headed ogre
             ... wielding a +0 giant club
              (23 damage)
             ... on level 7 of the Dungeon.
             The game lasted 00:14:52 (6192 turns).

NinjaNoafa the Covered (Minotaur Monk)              Turns: 6192, Time: 00:14:53

Health: -16/74     AC: 20    Str: 20    XL:     9   Next: 21%
Magic:  8/8        EV: 11    Int:  7    God:    Wu Jian [***...]
Gold:   395        SH:  0    Dex: 13    Spells: 8/8 levels left

rFire   . . .      SeeInvis .   e - +4 quarterstaff (chaos)
rCold   . . .      Faith    .   (shield currently unavailable)
rNeg    . . .      Spirit   .   o - +2 scale mail {Will+}
rPois   .          Reflect  .   (helmet restricted)
rElec   .          Harm     .   j - +2 cloak {Stlth+}
rCorr   +          Rampage  .   b - +2 pair of gloves
Will    +....                   (no boots)
Stlth   ++........              (no amulet)
HPRegen 0.22/turn               d - +4 ring of protection
MPRegen 0.11/turn               v - ring of resist corrosion

@: mighty
A: horns 2, retaliatory headbutt
a: Renounce Religion, Wall Jump, Serpent's Lash


You were on level 7 of the Dungeon.
You worshipped Wu Jian.
Wu Jian was most pleased with you.
You visited 2 branches of the dungeon, and saw 8 of its levels.

You collected 435 gold pieces.
You spent 40 gold pieces at shops.

Inventory:

Hand Weapons
 a - a +4 vorpal flail
 e - a +4 quarterstaff of chaos (weapon)
Missiles
 c - 8 poisoned darts
 l - 84 stones
 q - a javelin (quivered)
Armour
 b - a +2 pair of gloves (worn)
 j - a +2 cloak of stealth (worn)
 o - a +2 scale mail of willpower (worn)
Jewellery
 d - a +4 ring of protection (left hand)
 v - a ring of resist corrosion (right hand)
Wands
 n - a wand of iceblast (7)
 x - a wand of acid (4)
Scrolls
 f - a scroll of blinking
 h - 2 scrolls of magic mapping
 i - 2 scrolls of torment
 k - a scroll of silence
 m - a scroll of teleportation
Potions
 g - a potion of haste
 p - a potion of curing
 s - a potion of might


   Skills:
 + Level 5.2 Fighting
 - Level 1.5 Short Blades
 - Level 4.3 Axes
 + Level 5.2 Staves
 - Level 3.0 Throwing
 + Level 7.2 Armour
 - Level 4.0 Dodging
 + Level 5.1 Stealth
 - Level 5.0 Evocations


You had 8 spell levels left.
You didn't know any spells.
Your spell library contained the following spells:

 Spells                   Type           Power      Damage    Failure   Level
 Animate Skeleton         Necr           0%         N/A       75%         1
 Apportation              Tloc           0%         N/A       75%         1
 Summon Small Mammal      Summ           0%         N/A       75%         1
 Cause Fear               Hex            0%         N/A       100%        4
 Dragon Form              Tmut           0%         N/A       100%        7
 Dragon's Call            Summ           0%         N/A       100%        9


Dungeon Overview and Level Annotations

Branches:
Dungeon (7/15)             Temple (1/1) D:4

Altars:
Ashenzari
Cheibriados
Elyvilon
Fedhas
Hepliaklqana
Kikubaaqudgha
Makhleb
Nemelex Xobeh
Okawaru
Qazlal
Ru
Sif Muna
Trog
Uskayaw
Vehumet
Wu Jian
Xom
Yredelemnul
Zin
The Shining One

Shops:
D:6 !


Innate Abilities, Weirdness & Mutations

You have a pair of horns on your head.
You reflexively headbutt those who attack you in melee.


Message History

The two-headed ogre is moderately wounded.
You are engulfed in a cloud of scalding steam.
A wight comes into view. It is wielding a +3 mace of freezing.
Aiming: Iceblast
Press: ? - help, Shift-Dir - straight line, f - two-headed ogre
Aim: a two-headed ogre, wielding a +0 giant club and a +0 giant spiked club (moderately wounded, covered in acid) That beam is likely to hit you.
Continue anyway?
The mass of ice explodes!
The iceblast engulfs the steam dragon!!
The steam dragon is almost dead.
The iceblast engulfs you!
You are engulfed in a cloud of scalding steam.
You hear an angry hiss.
The steam dragon barely misses you. x2
A steam dragon comes into view.
It was a potion of cancellation.
You feel magically purged.
You are engulfed in a cloud of scalding steam.
The steam dragon bites you. The steam dragon closely misses you.
You feel very mighty all of a sudden.
You are engulfed in a cloud of scalding steam.
The hound stops to sniff the ground.
The steam dragon breathes steam at you.
The ball of steam hits you but does no damage.
The two-headed ogre hits you with a +0 giant club!
The two-headed ogre hits you with a +0 giant spiked club!
* * * LOW HITPOINT WARNING * * *
You barely miss the two-headed ogre. You headbutt the two-headed ogre.
The two-headed ogre is heavily wounded.
You are engulfed in a cloud of scalding steam.
The steam dragon bites you but does no damage.
The steam dragon claws you but does no damage.
The hound bites you but does no damage.
You sock the two-headed ogre!
The two-headed ogre seems to grow stronger.
The two-headed ogre is severely wounded.
The hound closely misses you. The steam dragon closely misses you.
The steam dragon barely misses you.
The two-headed ogre hits you with a +0 giant club.
* * * LOW HITPOINT WARNING * * *
The two-headed ogre hits you with a +0 giant spiked club!!
You die...

#....#.....).# ....
#....##.....##
#....##....##.....#
#.................#
#.................######
#....##....##.....#.....
#....##§...##.....'.....
#......§...##'#####.....
#......@§..#............
#.....DDO..+.......#####
##.....h#..#.......#
##.###z####.......# #
#.D# #.......# #(.#
#.......#####
#...###.......#....
#....##.......#....
(#....#.......#....


You could see an eight-headed hydra, a two-headed ogre (strong, corroded), 2
steam dragons, a hound and a wight.

Vanquished Creatures
  A troll (D:7)
  A hornet (D:7)
  Eustachio (D:6)
  2 orc warriors (D:6)
  An ice beast (D:7)
  A sky beast (D:5)
  2 black bears
  3 necrophages
  A centaur (D:6)
  A phantom (D:6)
  A bullfrog (D:6)
  2 centaur zombies
  A jelly (D:5)
  Crazy Yiuf (D:2)
  5 orc priests
  A hound (D:5)
  A bullfrog skeleton (D:4)
  An iguana (D:5)
  Ijyb (D:4)
  6 orc wizards
  2 killer bee zombies
  Robin (D:2)
  A gnoll (D:1)
  4 adders
  A shadow imp (D:7)
  A white imp (D:6)
  An ufetubus (D:6)
  An adder skeleton (D:4)
  2 worms
  A dart slug (D:4)
  16 orcs
  4 bats
  5 endoplasms
  5 giant cockroaches
  16 goblins
  5 hobgoblins
  5 jackals (D:3)
  5 kobolds
  A quokka (D:2)
  3 ball pythons
  4 frilled lizards
  7 rats
125 creatures vanquished.

Notes
Turn   | Place    | Note
-------+----------+-------------------------------------------
     0 | D:1      | NinjaNoafa the Minotaur Monk began the quest for the Orb.
     0 | D:1      | Reached XP level 1. HP: 19/19 MP: 0/0
    56 | D:1      | Reached skill level 1 in Armour
   182 | D:1      | Reached XP level 2. HP: 26/27 MP: 1/1
   373 | D:1      | Found a faded altar of an unknown god.
   420 | D:1      | Reached skill level 2 in Armour
   769 | D:1      | Reached XP level 3. HP: 29/33 MP: 2/2
  1143 | D:2      | Found an ornate altar of the Wu Jian Council.
  1152 | D:2      | Became a worshipper of the Wu Jian Council
  1152 | D:2      | Reached * piety under Wu Jian
  1152 | D:2      | Reached ** piety under Wu Jian
  1401 | D:2      | Noticed Robin
  1632 | D:2      | Killed Robin
  1633 | D:2      | Reached skill level 3 in Armour
  1743 | D:2      | Found a runed translucent door.
  1744 | D:2      | Noticed Crazy Yiuf
  1777 | D:2      | Reached XP level 4. HP: 39/40 MP: 3/3
  2000 | D:2      | Killed Crazy Yiuf
  2001 | D:2      | Reached skill level 1 in Short Blades
  2564 | D:3      | Noticed a necrophage
  2569 | D:3      | Reached skill level 1 in Staves
  2576 | D:3      | Killed a necrophage
  2577 | D:3      | Reached skill level 4 in Armour
  2577 | D:3      | Reached XP level 5. HP: 40/46 MP: 4/4
  3046 | D:4      | Found a sacrificial altar of Ru.
  3109 | D:4      | Noticed Ijyb
  3167 | D:4      | Killed Ijyb
  3167 | D:4      | Reached *** piety under Wu Jian
  3309 | D:4      | Found a staircase to the Ecumenical Temple.
  3322 | D:4      | Noticed a necrophage
  3333 | Temple   | Entered the Ecumenical Temple
  3344 | Temple   | Killed a necrophage
  3345 | Temple   | Reached XP level 6. HP: 47/52 MP: 5/5
  3762 | D:4      | Reached skill level 5 in Armour
  3762 | D:4      | Reached XP level 7. HP: 53/60 MP: 6/6
  4235 | D:5      | Entered Level 5 of the Dungeon
  4246 | D:5      | Reached skill level 1 in Throwing
  4358 | D:5      | Reached skill level 5 in Fighting
  4498 | D:5      | Reached skill level 5 in Staves
  5114 | D:6      | Noticed Eustachio
  5115 | D:6      | Reached XP level 8. HP: 68/68 MP: 7/7
  5165 | D:6      | Reached skill level 5 in Stealth
  5373 | D:6      | Killed Eustachio
  5374 | D:6      | Reached skill level 1 in Evocations
  5525 | D:6      | Reached skill level 6 in Armour
  5569 | D:6      | Found Oggosm's Distillery.
  5572 | D:6      | Bought a potion of might for 40 gold pieces
  5957 | D:7      | Noticed a hornet
  5966 | D:7      | Killed a hornet
  5967 | D:7      | Reached skill level 7 in Armour
  5971 | D:7      | Reached XP level 9. HP: 74/74 MP: 8/8
  6075 | D:7      | Reached skill level 5 in Evocations
  6177 | D:7      | Noticed a troll
  6182 | D:7      | Noticed a two-headed ogre
  6185 | D:7      | Noticed an eight-headed hydra
  6187 | D:7      | Killed a troll
  6192 | D:7      | Demolished by a two-headed ogre

Illustrated notes

Levels and vault maps discovered:
D:1:      kennysheep_arrival_forest, layout_basic,
          shapermc_ecumenical_altar_totnotflames
D:2:      layout_loops_ring, basic_altar, grunt_decor_fettered,
          uniq_crazy_yiuf_cottage, uniq_robin
D:3:      layout_loops_ring
D:4:      layout_loops_cross, mainiacjoe_overflow_alcove_1, temple_statues,
          minmay_misc_feat_encased, uniq_ijyb
D:5:      layout_basic, nrook_loot_triangle, hangedman_glass_teeth
D:6:      layout_rooms, serial_shops, nicolae_shop_behind_doors, uniq_eustachio
D:7:      layout_gridville, minmay_manual_macuahuitl, uniq_menkaure
Temple:   mainiacjoe_temple_bowtie_tessellation

Skill      XL: |  1  2  3  4  5  6  7  8  9 |
---------------+----------------------------+-----
Armour         | 1 2 3 4 5 7 |  7.2
Axes           | 4 |  4.3
Fighting       | 4 5 |  5.2
Short Blades   | 1 |  1.5
Staves         | 2 3 4 5 |  5.2
Stealth        | 2 3 4 5 |  5.1
Throwing       | 2 3 |  3.0
Evocations     | 4 5 |  5.0
Dodging        | 4 |  4.0

Action                   |  1- 3 |  4- 6 |  7- 9 || total
-------------------------+-------+-------+-------++-------
Melee: Hand axe          |    80 |       |       ||    80
       Headbutt          |    11 |    12 |    23 ||    46
       Punch             |     1 |       |       ||     1
       Dagger            |    11 |    13 |       ||    24
       Quarterstaff      |       |    85 |   122 ||   207
Throw: Javelin           |       |       |    21 ||    21
       Dart              |       |       |     6 ||     6
Invok: Whirlwind         |     6 |     7 |     5 ||    18
       Lunge             |     3 |     7 |     8 ||    18
       Serpent's Lash    |       |       |     1 ||     1
 Abil: Wall Jump         |     2 |    13 |    21 ||    36
Evoke: Wand              |       |       |     3 ||     3
  Use: Scroll            |     4 |     2 |     7 ||    13
       Potion            |     1 |     1 |     7 ||     9
 Stab: Sleeping          |     6 |     4 |       ||    10
       Distracted        |       |     2 |     1 ||     3
       Invisible         |       |     2 |       ||     2
       Petrified         |       |     1 |       ||     1
       Petrifying        |       |       |     1 ||     1
Armor: Robe              |    10 |       |       ||    10
       Leather armour    |    21 |    19 |       ||    40
       Scale mail        |       |    23 |   106 ||   129
       Skin              |       |     1 |       ||     1
Dodge: Dodged            |    58 |    65 |    83 ||   206
